[ PARTIDA AOE2 · #473463152 ]
UnrankedFrancos vs Incas
[ ANÁLISIS DE REPETICIÓN · EXTRAÍDO DE LA PARTIDA GRABADA ]
Feudal
12:08
Castillos
22:56
Imperial
37:56
| APM promedio | 47.5 |
| APM pico | 89 |
| eAPM promedio | 23.8 |
| Aldeanos / militares | 187 / 427 |
Foco
⚔️ 47.4% · 🌾 52.6%
Scout Cavalry ×189 · Knight ×111 · Throwing Axeman ×79 · Galley ×27 · Battering Ram ×18 · Fishing Ship ×14
Feudal
11:58
Castillos
21:09
Imperial
36:43
| APM promedio | 67.9 |
| APM pico | 101 |
| eAPM promedio | 42.5 |
| Aldeanos / militares | 202 / 581 |
Foco
⚔️ 59.9% · 🌾 40.1%
Monaspa ×237 · Scout Cavalry ×233 · Skirmisher ×65 · Unknown (2626) ×30 · Battering Ram ×25 · Demolition Raft ×9
Feudal
13:54
Castillos
17:33
Imperial
39:32
| APM promedio | 38.3 |
| APM pico | 59 |
| eAPM promedio | 23.9 |
| Aldeanos / militares | 188 / 439 |
Foco
⚔️ 45.6% · 🌾 54.4%
Spearman ×282 · Unknown (2550) ×138 · Skirmisher ×49 · Petard ×48 · Fire Galley ×33 · Unknown (2626) ×29
Feudal
13:39
Castillos
17:25
Imperial
39:35
| APM promedio | 37.0 |
| APM pico | 64 |
| eAPM promedio | 25.7 |
| Aldeanos / militares | 224 / 391 |
Foco
⚔️ 43.3% · 🌾 56.7%
Skirmisher ×190 · Longbowman ×125 · Militia ×57 · Fishing Ship ×11 · Knight ×6 · Trebuchet (Packed) ×6
Feudal
12:49
Castillos
16:35
Imperial
36:49
| APM promedio | 40.3 |
| APM pico | 82 |
| eAPM promedio | 24.4 |
| Aldeanos / militares | 245 / 470 |
Foco
⚔️ 51.0% · 🌾 49.0%
War Wagon ×233 · Spearman ×125 · Fire Lancer ×96 · Trebuchet (Packed) ×9 · Fishing Ship ×4 · Iron Pagoda ×3
Feudal
14:47
Castillos
18:24
Imperial
51:52
| APM promedio | 43.4 |
| APM pico | 85 |
| eAPM promedio | 29.5 |
| Aldeanos / militares | 348 / 434 |
Foco
⚔️ 36.6% · 🌾 63.4%
Spearman ×205 · Huskarl ×118 · Militia ×78 · Fishing Ship ×20 · Battering Ram ×14 · Monk ×9
Mapa de la partida
Recursos iniciales + cada clic de construcción. Líneas = muros · curvas = relieve. ◆ oro · ⬟ piedra · ● bayas · ✦ reliquia · ◌ hueco del cierre
Inputs por minuto
— __91_Minatus_Arg - - _13_Enzus_Arg
Build order — __91_Minatus_Arg
Primeras 150 de 755 acciones detectadas
| 0:10 | Construir | House |
| 0:28 | Construir | Town Center |
| 2:06 | Construir | Dock |
| 2:43 | Crear | Villager (Male) ×4 |
| 2:43 | Crear | Villager (Male) ×4 |
| 3:41 | Crear | Fishing Ship |
| 3:42 | Crear | Fishing Ship |
| 4:27 | Investigar | Loom |
| 4:46 | Crear | Villager (Male) |
| 4:46 | Crear | Villager (Male) |
| 5:03 | Crear | Fishing Ship |
| 5:03 | Crear | Fishing Ship |
| 5:18 | Crear | Villager (Male) |
| 5:19 | Crear | Villager (Male) |
| 5:27 | Construir | House |
| 5:55 | Construir | House |
| 6:11 | Crear | Villager (Male) |
| 6:24 | Crear | Villager (Male) |
| 6:24 | Crear | Villager (Male) |
| 6:54 | Crear | Fishing Ship |
| 7:13 | Crear | Villager (Male) |
| 7:44 | Crear | Villager (Male) |
| 7:45 | Crear | Fishing Ship |
| 7:58 | Crear | Villager (Male) |
| 8:06 | Construir | House |
| 8:16 | Crear | Villager (Male) |
| 8:46 | Crear | Villager (Male) |
| 9:05 | Construir | Lumber Camp |
| 9:10 | Crear | Villager (Male) |
| 9:49 | Crear | Villager (Male) |
| 9:58 | Investigar | Feudal Age |
| 9:58 | Investigar | Feudal Age |
| 10:56 | Construir | Mining Camp |
| 11:06 | Construir | Dock |
| 11:39 | Crear | Villager (Male) |
| 12:06 | Construir | Dock |
| 12:08 | Edad | Edad Feudal |
| 12:10 | Crear | Galley |
| 12:10 | Crear | Galley |
| 12:13 | Crear | Villager (Male) |
| 12:15 | Investigar | Double-Bit Axe |
| 12:19 | Crear | Villager (Male) |
| 12:23 | Construir | House |
| 12:35 | Crear | Galley |
| 12:35 | Crear | Galley |
| 13:03 | Crear | Galley |
| 13:05 | Crear | Villager (Male) |
| 13:18 | Construir | House |
| 13:29 | Crear | Galley |
| 13:37 | Construir | House |
| 13:55 | Crear | Galley |
| 13:55 | Crear | Galley |
| 13:58 | Crear | Villager (Male) |
| 14:06 | Crear | Villager (Male) |
| 14:12 | Investigar | Tech 906 |
| 14:13 | Investigar | Tech 906 |
| 14:29 | Crear | Galley |
| 14:29 | Crear | Galley |
| 14:41 | Crear | Villager (Male) |
| 14:41 | Crear | Villager (Male) |
| 14:44 | Crear | Galley |
| 15:01 | Crear | Villager (Male) |
| 15:05 | Construir | House |
| 15:14 | Construir | Blacksmith |
| 15:17 | Crear | Villager (Male) |
| 15:26 | Crear | Galley |
| 15:33 | Crear | Villager (Male) |
| 15:55 | Construir | Mill |
| 16:00 | Crear | Galley |
| 16:22 | Investigar | Fletching |
| 16:23 | Investigar | Fletching |
| 16:23 | Crear | Villager (Male) |
| 16:28 | Construir | House |
| 16:29 | Construir | House |
| 16:29 | Construir | House |
| 16:51 | Crear | Galley |
| 16:51 | Crear | Galley |
| 17:10 | Crear | Galley |
| 17:11 | Crear | Galley |
| 17:12 | Crear | Villager (Male) |
| 17:36 | Crear | Galley |
| 17:37 | Crear | Galley |
| 17:42 | Crear | Villager (Male) |
| 17:49 | Crear | Villager (Male) |
| 17:51 | Construir | House |
| 18:04 | Crear | Galley |
| 18:33 | Crear | Villager (Male) |
| 18:36 | Construir | Market |
| 18:40 | Construir | Palisade Wall |
| 18:56 | Crear | Villager (Male) |
| 20:16 | Investigar | Castle Age |
| 20:22 | Construir | Mill |
| 20:41 | Crear | Galley |
| 20:42 | Crear | Galley |
| 20:55 | Crear | Villager (Male) |
| 20:58 | Investigar | Gold Mining |
| 21:15 | Crear | Galley |
| 21:15 | Crear | Galley |
| 21:30 | Construir | House |
| 21:31 | Construir | House |
| 22:18 | Crear | Villager (Male) |
| 22:56 | Edad | Edad de los Castillos |
| 23:08 | Investigar | War Galley (upgrade) |
| 23:10 | Investigar | Bodkin Arrow |
| 23:11 | Crear | Villager (Male) |
| 23:11 | Crear | Villager (Male) |
| 23:13 | Construir | Town Center |
| 23:16 | Crear | Villager (Male) |
| 23:20 | Construir | Town Center |
| 23:25 | Crear | Galley |
| 23:33 | Construir | Dock |
| 23:34 | Crear | Villager (Male) |
| 23:46 | Crear | Villager (Male) |
| 24:15 | Crear | Galley |
| 24:15 | Crear | Galley |
| 24:22 | Crear | Villager (Male) |
| 24:22 | Crear | Villager (Male) |
| 24:29 | Crear | Villager (Male) |
| 24:29 | Crear | Villager (Male) |
| 24:50 | Crear | Villager (Male) |
| 25:02 | Crear | Villager (Male) |
| 25:03 | Crear | Villager (Male) |
| 25:03 | Crear | Villager (Male) |
| 25:03 | Crear | Villager (Male) |
| 25:37 | Crear | Villager (Male) |
| 25:40 | Crear | Villager (Male) |
| 25:46 | Investigar | Bow Saw |
| 25:49 | Crear | Villager (Male) |
| 25:50 | Crear | Villager (Male) |
| 26:06 | Crear | Fishing Ship |
| 26:06 | Crear | Fishing Ship |
| 26:12 | Construir | Outpost |
| 26:17 | Crear | Villager (Male) |
| 26:17 | Crear | Villager (Male) |
| 26:24 | Construir | Farm |
| 26:25 | Construir | Farm |
| 26:26 | Construir | Farm |
| 26:27 | Construir | Farm |
| 26:32 | Crear | Villager (Male) |
| 26:50 | Construir | House |
| 26:53 | Construir | House |
| 26:54 | Construir | House |
| 26:55 | Construir | House |
| 26:59 | Crear | Villager (Male) |
| 27:01 | Construir | University |
| 27:20 | Crear | Villager (Male) |
| 27:44 | Crear | Villager (Male) |
| 27:44 | Crear | Villager (Male) |
| 27:47 | Investigar | Gold Shaft Mining |
| 27:54 | Crear | Villager (Male) |
Build order — _13_Enzus_Arg
Primeras 150 de 764 acciones detectadas
| 0:07 | Construir | House |
| 0:33 | Construir | Town Center |
| 1:43 | Construir | Dock |
| 1:47 | Construir | Palisade Wall |
| 1:48 | Construir | Palisade Wall |
| 2:45 | Crear | Villager (Male) |
| 2:45 | Crear | Villager (Male) |
| 2:45 | Crear | Villager (Male) |
| 2:46 | Crear | Villager (Male) |
| 4:21 | Crear | Villager (Male) |
| 4:25 | Crear | Fishing Ship |
| 4:44 | Construir | House |
| 5:02 | Crear | Villager (Male) |
| 5:02 | Crear | Villager (Male) |
| 5:26 | Crear | Villager (Male) |
| 5:54 | Crear | Villager (Male) |
| 5:54 | Crear | Villager (Male) |
| 6:02 | Construir | House |
| 6:10 | Crear | Villager (Male) |
| 6:28 | Crear | Fishing Ship |
| 6:32 | Crear | Villager (Male) |
| 6:32 | Crear | Villager (Male) |
| 6:59 | Crear | Villager (Male) |
| 7:00 | Crear | Villager (Male) |
| 7:20 | Construir | House |
| 7:22 | Crear | Fishing Ship |
| 7:37 | Crear | Villager (Male) |
| 7:40 | Crear | Villager (Male) |
| 7:56 | Construir | House |
| 8:02 | Crear | Villager (Male) |
| 8:06 | Crear | Fishing Ship |
| 8:10 | Crear | Villager (Male) |
| 8:13 | Construir | House |
| 8:22 | Construir | House |
| 8:49 | Crear | Fishing Ship |
| 9:19 | Investigar | Loom |
| 9:24 | Crear | Fishing Ship |
| 9:42 | Construir | House |
| 9:48 | Investigar | Feudal Age |
| 9:48 | Investigar | Feudal Age |
| 10:45 | Construir | Dock |
| 11:53 | Crear | Villager (Male) |
| 11:58 | Edad | Edad Feudal |
| 12:04 | Crear | Unit 2626 |
| 12:04 | Crear | Unit 2626 |
| 12:04 | Crear | Unit 2626 |
| 12:07 | Crear | Villager (Male) |
| 12:08 | Crear | Villager (Male) |
| 12:13 | Crear | Villager (Male) |
| 12:21 | Investigar | Double-Bit Axe |
| 12:21 | Investigar | Double-Bit Axe |
| 12:28 | Crear | Villager (Male) |
| 12:32 | Construir | Dock |
| 12:36 | Construir | House |
| 12:38 | Crear | Villager (Male) |
| 12:38 | Crear | Villager (Male) |
| 12:52 | Construir | Mule Cart |
| 13:01 | Crear | Unit 2626 |
| 13:01 | Crear | Unit 2626 |
| 13:01 | Crear | Unit 2626 |
| 13:02 | Crear | Unit 2626 |
| 13:38 | Crear | Villager (Male) |
| 13:40 | Construir | House |
| 13:40 | Construir | House |
| 13:43 | Crear | Unit 2626 |
| 13:43 | Crear | Unit 2626 |
| 13:43 | Crear | Unit 2626 |
| 13:43 | Crear | Unit 2626 |
| 13:46 | Crear | Villager (Male) |
| 14:03 | Crear | Villager (Male) |
| 14:21 | Crear | Unit 2626 |
| 14:21 | Crear | Unit 2626 |
| 14:31 | Crear | Villager (Male) |
| 14:42 | Crear | Villager (Male) |
| 14:52 | Construir | Mill |
| 14:59 | Crear | Villager (Male) |
| 15:06 | Crear | Fire Galley |
| 15:06 | Crear | Fire Galley |
| 15:48 | Crear | Unit 2626 |
| 15:48 | Crear | Unit 2626 |
| 15:48 | Crear | Unit 2626 |
| 15:50 | Crear | Villager (Male) |
| 16:08 | Crear | Villager (Male) |
| 16:10 | Construir | House |
| 16:11 | Construir | House |
| 16:16 | Construir | House |
| 16:55 | Construir | Blacksmith |
| 16:59 | Crear | Villager (Male) |
| 17:39 | Crear | Villager (Male) |
| 17:44 | Construir | Market |
| 18:29 | Investigar | Castle Age |
| 18:34 | Construir | House |
| 18:36 | Construir | Palisade Wall |
| 18:54 | Investigar | Horse Collar |
| 20:18 | Crear | Unit 2626 |
| 20:19 | Crear | Unit 2626 |
| 20:19 | Crear | Unit 2626 |
| 20:19 | Crear | Unit 2626 |
| 20:19 | Crear | Unit 2626 |
| 20:41 | Investigar | Gold Mining |
| 20:41 | Investigar | Gold Mining |
| 21:09 | Edad | Edad de los Castillos |
| 21:15 | Investigar | War Galley (upgrade) |
| 21:19 | Crear | Villager (Male) |
| 21:20 | Crear | Villager (Male) |
| 21:25 | Construir | Castle |
| 21:32 | Crear | Demolition Raft |
| 21:32 | Crear | Demolition Raft |
| 21:33 | Crear | Demolition Raft |
| 21:37 | Investigar | Tech 905 |
| 21:38 | Investigar | Tech 905 |
| 21:39 | Crear | Villager (Male) |
| 21:44 | Construir | Dock |
| 21:56 | Crear | Demolition Raft |
| 21:57 | Crear | Demolition Raft |
| 21:57 | Crear | Demolition Raft |
| 22:05 | Crear | Villager (Male) |
| 22:41 | Crear | Monaspa |
| 22:42 | Crear | Monaspa |
| 22:42 | Crear | Monaspa |
| 22:42 | Crear | Monaspa |
| 22:44 | Crear | Villager (Male) |
| 23:06 | Crear | Villager (Male) |
| 23:10 | Crear | Unit 2626 |
| 23:11 | Crear | Unit 2626 |
| 23:12 | Crear | Villager (Male) |
| 23:20 | Construir | Town Center |
| 23:29 | Construir | Farm |
| 23:34 | Crear | Villager (Male) |
| 23:46 | Construir | Mule Cart |
| 24:10 | Crear | Villager (Male) |
| 24:15 | Crear | Demolition Raft |
| 24:15 | Crear | Demolition Raft |
| 24:15 | Crear | Demolition Raft |
| 24:17 | Crear | Monaspa |
| 24:17 | Crear | Monaspa |
| 24:33 | Crear | Villager (Male) |
| 24:34 | Crear | Villager (Male) |
| 24:58 | Crear | Villager (Male) |
| 24:58 | Crear | Villager (Male) |
| 25:15 | Crear | Villager (Male) |
| 25:15 | Crear | Villager (Male) |
| 25:16 | Construir | Farm |
| 25:17 | Construir | Farm |
| 25:18 | Construir | Farm |
| 25:20 | Construir | Farm |
| 25:22 | Construir | Farm |
| 25:24 | Construir | Farm |
| 25:38 | Crear | Villager (Male) |
| 25:38 | Crear | Villager (Male) |
Build order — Storm
Primeras 150 de 575 acciones detectadas
| 0:05 | Construir | Town Center |
| 1:29 | Construir | Dock |
| 1:32 | Construir | House |
| 2:21 | Crear | Villager (Male) |
| 2:22 | Crear | Villager (Male) |
| 2:23 | Crear | Villager (Male) |
| 2:23 | Crear | Villager (Male) |
| 2:23 | Crear | Villager (Male) |
| 3:34 | Crear | Fishing Ship |
| 4:04 | Investigar | Loom |
| 4:24 | Crear | Villager (Male) |
| 4:24 | Crear | Villager (Male) |
| 4:51 | Crear | Villager (Male) |
| 4:51 | Crear | Fishing Ship |
| 5:15 | Crear | Villager (Male) |
| 5:43 | Crear | Villager (Male) |
| 5:44 | Crear | Fishing Ship |
| 6:04 | Crear | Villager (Male) |
| 6:05 | Crear | Villager (Male) |
| 6:09 | Construir | House |
| 6:26 | Crear | Villager (Male) |
| 6:27 | Crear | Villager (Male) |
| 6:35 | Crear | Fishing Ship |
| 6:55 | Crear | Villager (Male) |
| 7:07 | Crear | Villager (Male) |
| 7:10 | Crear | Fishing Ship |
| 7:29 | Crear | Fishing Ship |
| 7:49 | Crear | Villager (Male) |
| 7:49 | Crear | Villager (Male) |
| 8:04 | Crear | Fishing Ship |
| 8:26 | Crear | Villager (Male) |
| 8:29 | Crear | Fishing Ship |
| 8:45 | Construir | House |
| 9:00 | Crear | Villager (Male) |
| 9:07 | Construir | Dock |
| 9:12 | Crear | Villager (Male) |
| 9:22 | Crear | Villager (Male) |
| 9:22 | Crear | Villager (Male) |
| 9:26 | Construir | House |
| 9:44 | Crear | Villager (Male) |
| 9:57 | Crear | Fishing Ship |
| 9:57 | Crear | Fishing Ship |
| 9:59 | Crear | Villager (Male) |
| 10:11 | Crear | Fishing Ship |
| 10:22 | Crear | Fishing Ship |
| 10:23 | Crear | Fishing Ship |
| 10:38 | Construir | House |
| 10:52 | Crear | Villager (Male) |
| 10:54 | Crear | Fishing Ship |
| 10:58 | Crear | Villager (Male) |
| 11:01 | Construir | Outpost |
| 11:22 | Construir | Settlement |
| 11:44 | Investigar | Feudal Age |
| 11:55 | Construir | Settlement |
| 12:15 | Construir | House |
| 12:45 | Crear | Villager (Male) |
| 12:45 | Crear | Villager (Male) |
| 13:54 | Edad | Edad Feudal |
| 13:56 | Construir | Market |
| 14:02 | Construir | Blacksmith |
| 14:27 | Investigar | Town Watch |
| 14:28 | Construir | Outpost |
| 14:33 | Investigar | Double-Bit Axe |
| 14:53 | Investigar | Castle Age |
| 15:13 | Construir | Dock |
| 15:14 | Construir | House |
| 15:14 | Construir | House |
| 15:27 | Crear | Unit 2626 |
| 15:27 | Crear | Unit 2626 |
| 15:33 | Investigar | Gold Mining |
| 16:08 | Crear | Villager (Male) |
| 16:08 | Crear | Villager (Male) |
| 16:13 | Construir | Outpost |
| 16:18 | Crear | Unit 2626 |
| 16:19 | Crear | Unit 2626 |
| 16:20 | Crear | Unit 2626 |
| 16:41 | Crear | Fire Galley |
| 16:41 | Crear | Fire Galley |
| 17:01 | Crear | Villager (Male) |
| 17:32 | Crear | Fire Galley |
| 17:32 | Crear | Unit 2626 |
| 17:33 | Edad | Edad de los Castillos |
| 17:33 | Crear | Fire Galley |
| 17:40 | Investigar | Tech 905 |
| 17:44 | Investigar | War Galley (upgrade) |
| 17:59 | Crear | Unit 2626 |
| 17:59 | Crear | Unit 2626 |
| 18:00 | Crear | Villager (Male) |
| 18:04 | Investigar | Bow Saw |
| 18:08 | Investigar | Gold Shaft Mining |
| 18:32 | Crear | Villager (Male) |
| 18:51 | Construir | Outpost |
| 18:52 | Crear | Villager (Male) |
| 19:11 | Crear | Fire Galley |
| 19:12 | Crear | Unit 2626 |
| 19:13 | Crear | Unit 2626 |
| 19:13 | Crear | Fire Galley |
| 19:16 | Crear | Villager (Male) |
| 19:22 | Construir | Dock |
| 19:47 | Crear | Unit 2626 ×3 |
| 20:10 | Crear | Villager (Male) |
| 20:10 | Crear | Villager (Male) |
| 20:15 | Crear | Fire Galley |
| 20:16 | Crear | Unit 2626 |
| 20:16 | Crear | Fire Galley |
| 20:22 | Crear | Villager (Male) |
| 20:33 | Crear | Fire Galley |
| 20:33 | Crear | Fire Galley |
| 20:43 | Construir | House |
| 20:49 | Crear | Fire Galley ×2 |
| 21:08 | Crear | Villager (Male) |
| 21:15 | Construir | Settlement |
| 21:18 | Crear | Fire Galley |
| 21:18 | Crear | Fire Galley |
| 21:22 | Crear | Fire Galley |
| 21:26 | Crear | Fire Galley |
| 21:35 | Crear | Villager (Male) |
| 21:46 | Crear | Fire Galley |
| 21:47 | Crear | Unit 2626 |
| 21:51 | Crear | Unit 2626 |
| 21:57 | Crear | Villager (Male) |
| 22:23 | Construir | Town Center |
| 22:26 | Crear | Villager (Male) |
| 22:27 | Crear | Villager (Male) |
| 22:48 | Crear | Unit 2626 ×2 |
| 22:48 | Crear | Fire Galley ×2 |
| 22:51 | Crear | Villager (Male) |
| 22:51 | Crear | Villager (Male) |
| 23:09 | Crear | Unit 2626 ×2 |
| 23:18 | Crear | Galley |
| 23:20 | Investigar | Fletching |
| 23:29 | Crear | Villager (Male) |
| 23:31 | Crear | Villager (Male) |
| 23:31 | Crear | Villager (Male) |
| 23:32 | Crear | Fishing Ship |
| 23:48 | Crear | Galley |
| 23:48 | Crear | Galley |
| 23:49 | Crear | Galley |
| 24:06 | Crear | Galley ×3 |
| 24:12 | Crear | Villager (Male) |
| 24:13 | Crear | Villager (Male) |
| 24:25 | Construir | Town Center |
| 24:40 | Crear | Unit 2626 ×2 |
| 24:49 | Crear | Fire Galley |
| 24:50 | Crear | Villager (Male) ×4 |
| 25:09 | Crear | Unit 2626 ×3 |
| 25:21 | Crear | Fire Galley ×2 |
| 25:28 | Crear | Villager (Male) |
| 25:28 | Crear | Villager (Male) |
| 25:32 | Construir | House |
Build order — queKa
Primeras 150 de 853 acciones detectadas
| 0:08 | Construir | Town Center |
| 0:25 | Construir | House |
| 1:10 | Construir | Dock |
| 2:37 | Crear | Villager (Male) |
| 2:37 | Crear | Villager (Male) |
| 2:37 | Crear | Villager (Male) |
| 3:06 | Crear | Villager (Male) |
| 3:07 | Crear | Villager (Male) |
| 3:57 | Crear | Fishing Ship |
| 4:12 | Crear | Villager (Male) |
| 4:13 | Crear | Villager (Male) |
| 4:30 | Crear | Villager (Male) |
| 4:31 | Crear | Villager (Male) |
| 4:45 | Construir | House |
| 4:56 | Crear | Villager (Male) |
| 4:56 | Crear | Villager (Male) |
| 5:15 | Investigar | Loom |
| 5:19 | Crear | Villager (Male) |
| 5:19 | Crear | Villager (Male) |
| 5:23 | Construir | House |
| 5:26 | Crear | Villager (Male) |
| 5:26 | Crear | Villager (Male) |
| 5:56 | Construir | Palisade Wall |
| 5:59 | Construir | Palisade Wall |
| 6:07 | Crear | Fishing Ship |
| 6:14 | Crear | Villager (Male) |
| 6:18 | Construir | Palisade Wall |
| 6:19 | Construir | Palisade Wall |
| 6:24 | Crear | Villager (Male) |
| 6:44 | Crear | Villager (Male) |
| 6:45 | Crear | Villager (Male) |
| 7:14 | Crear | Villager (Male) |
| 7:19 | Crear | Fishing Ship |
| 7:32 | Construir | House |
| 8:01 | Crear | Villager (Male) |
| 8:18 | Construir | House |
| 8:19 | Crear | Fishing Ship |
| 8:22 | Crear | Villager (Male) |
| 8:37 | Crear | Villager (Male) |
| 8:52 | Construir | Palisade Wall |
| 8:53 | Construir | Palisade Wall |
| 9:18 | Crear | Fishing Ship |
| 9:19 | Crear | Villager (Male) |
| 9:24 | Construir | House |
| 9:46 | Crear | Villager (Male) |
| 10:20 | Crear | Villager (Male) |
| 10:31 | Construir | House |
| 10:46 | Construir | Mill |
| 10:50 | Crear | Villager (Male) |
| 11:14 | Construir | Mining Camp |
| 11:29 | Investigar | Feudal Age |
| 11:47 | Construir | Barracks |
| 13:04 | Construir | Outpost |
| 13:22 | Construir | Outpost |
| 13:26 | Crear | Villager (Male) |
| 13:27 | Crear | Villager (Male) |
| 13:39 | Edad | Edad Feudal |
| 13:42 | Construir | Stable |
| 13:42 | Crear | Villager (Male) |
| 13:48 | Construir | Blacksmith |
| 13:56 | Construir | Outpost |
| 14:18 | Construir | Lumber Camp |
| 14:31 | Construir | House |
| 14:45 | Investigar | Castle Age |
| 14:46 | Investigar | Castle Age |
| 15:05 | Crear | Scout Cavalry |
| 15:35 | Construir | Palisade Wall |
| 15:54 | Investigar | Double-Bit Axe |
| 16:15 | Crear | Scout Cavalry |
| 16:43 | Construir | House |
| 17:25 | Edad | Edad de los Castillos |
| 17:28 | Crear | Knight |
| 17:30 | Crear | Villager (Male) |
| 17:31 | Crear | Villager (Male) |
| 17:33 | Construir | Town Center |
| 17:44 | Construir | Town Center |
| 17:47 | Investigar | Bow Saw |
| 17:48 | Crear | Knight |
| 17:51 | Crear | Villager (Male) |
| 17:59 | Construir | House |
| 18:04 | Crear | Knight |
| 18:32 | Crear | Villager (Male) |
| 18:35 | Investigar | Horse Collar |
| 19:15 | Construir | Palisade Wall |
| 19:18 | Construir | Palisade Wall |
| 19:21 | Crear | Villager (Male) |
| 19:27 | Crear | Villager (Male) |
| 19:27 | Crear | Villager (Male) |
| 19:27 | Crear | Villager (Male) |
| 19:28 | Crear | Villager (Male) |
| 19:31 | Crear | Villager (Male) |
| 19:35 | Construir | Farm |
| 19:37 | Construir | Farm |
| 19:38 | Construir | Farm |
| 20:02 | Crear | Knight |
| 20:08 | Crear | Villager (Male) |
| 20:09 | Crear | Villager (Male) |
| 20:09 | Crear | Villager (Male) |
| 20:12 | Construir | Farm |
| 20:15 | Construir | Farm |
| 20:19 | Construir | Farm |
| 20:20 | Crear | Villager (Male) |
| 20:48 | Construir | House |
| 21:06 | Crear | Knight |
| 21:07 | Crear | Villager (Male) |
| 21:07 | Crear | Villager (Male) |
| 21:08 | Crear | Villager (Male) |
| 21:09 | Crear | Villager (Male) |
| 21:13 | Construir | Farm |
| 21:13 | Construir | Farm |
| 21:13 | Construir | Farm |
| 21:15 | Crear | Villager (Male) |
| 21:20 | Construir | Farm |
| 21:20 | Construir | Farm |
| 21:20 | Construir | Farm |
| 21:21 | Construir | Farm |
| 21:34 | Construir | House |
| 21:35 | Crear | Villager (Male) |
| 21:44 | Construir | Siege Workshop |
| 21:56 | Crear | Scout Cavalry |
| 21:58 | Crear | Villager (Male) |
| 22:02 | Crear | Villager (Male) |
| 22:02 | Crear | Villager (Male) |
| 22:04 | Construir | Farm |
| 22:42 | Crear | Knight |
| 22:43 | Crear | Villager (Male) |
| 22:44 | Crear | Villager (Male) |
| 22:54 | Crear | Scorpion |
| 22:55 | Crear | Scorpion |
| 23:07 | Construir | House |
| 23:08 | Crear | Villager (Male) |
| 23:08 | Crear | Villager (Male) |
| 23:08 | Crear | Villager (Male) |
| 23:14 | Construir | Mining Camp |
| 23:21 | Investigar | Husbandry |
| 23:21 | Investigar | Husbandry |
| 23:40 | Crear | Villager (Male) |
| 23:40 | Crear | Villager (Male) |
| 23:41 | Crear | Villager (Male) |
| 23:44 | Crear | Villager (Male) |
| 23:48 | Construir | House |
| 24:04 | Construir | House |
| 24:04 | Construir | House |
| 24:09 | Crear | Villager (Male) |
| 24:12 | Investigar | Wheelbarrow |
| 24:12 | Investigar | Wheelbarrow |
| 24:17 | Construir | Farm |
| 24:18 | Construir | Farm |
| 24:18 | Construir | Farm |
| 24:19 | Crear | Villager (Male) |
Build order — Dakar1
Primeras 150 de 927 acciones detectadas
| 0:15 | Construir | Dock |
| 0:17 | Construir | House |
| 0:32 | Construir | Town Center |
| 3:02 | Crear | Villager (Male) |
| 3:02 | Crear | Villager (Male) |
| 3:03 | Crear | Villager (Male) |
| 3:03 | Crear | Villager (Male) |
| 3:03 | Crear | Villager (Male) |
| 4:10 | Crear | Villager (Male) |
| 4:10 | Crear | Villager (Male) |
| 4:11 | Crear | Villager (Male) |
| 4:12 | Crear | Fishing Ship |
| 5:03 | Construir | House |
| 5:13 | Crear | Villager (Male) |
| 5:13 | Crear | Villager (Male) |
| 5:24 | Crear | Fishing Ship |
| 5:33 | Investigar | Loom |
| 5:50 | Crear | Villager (Male) |
| 5:50 | Crear | Villager (Male) |
| 5:51 | Crear | Villager (Male) |
| 6:10 | Crear | Villager (Male) |
| 6:10 | Crear | Villager (Male) |
| 6:10 | Crear | Villager (Male) |
| 6:23 | Crear | Fishing Ship |
| 6:32 | Construir | House |
| 6:35 | Crear | Villager (Male) |
| 6:36 | Crear | Villager (Male) |
| 6:36 | Crear | Villager (Male) |
| 7:05 | Crear | Villager (Male) |
| 7:06 | Crear | Villager (Male) |
| 7:11 | Crear | Fishing Ship |
| 7:31 | Crear | Villager (Male) |
| 7:32 | Crear | Villager (Male) |
| 7:32 | Crear | Villager (Male) |
| 7:34 | Construir | House |
| 7:47 | Crear | Villager (Male) |
| 7:47 | Crear | Villager (Male) |
| 7:48 | Crear | Villager (Male) |
| 8:11 | Crear | Villager (Male) |
| 8:12 | Crear | Villager (Male) |
| 8:43 | Crear | Villager (Male) |
| 8:57 | Crear | Villager (Male) |
| 9:13 | Construir | Mining Camp |
| 9:17 | Construir | Mining Camp |
| 9:34 | Crear | Villager (Male) |
| 9:55 | Crear | Villager (Male) |
| 10:39 | Investigar | Feudal Age |
| 10:39 | Investigar | Feudal Age |
| 10:40 | Investigar | Feudal Age |
| 10:56 | Construir | Mill |
| 11:10 | Crear | Villager (Male) |
| 11:10 | Crear | Villager (Male) |
| 11:37 | Construir | Mining Camp |
| 12:38 | Construir | House |
| 12:49 | Edad | Edad Feudal |
| 12:54 | Construir | Market |
| 12:56 | Construir | Blacksmith |
| 13:55 | Investigar | Castle Age |
| 13:55 | Investigar | Castle Age |
| 15:01 | Investigar | Fletching |
| 16:27 | Crear | Villager (Male) |
| 16:27 | Crear | Villager (Male) |
| 16:35 | Edad | Edad de los Castillos |
| 16:37 | Construir | Town Center |
| 16:58 | Crear | Turtle Ship |
| 17:13 | Crear | Villager (Male) |
| 17:28 | Crear | Villager (Male) |
| 17:34 | Construir | House |
| 17:39 | Construir | Town Center |
| 17:45 | Crear | Villager (Male) |
| 17:48 | Construir | Farm |
| 18:00 | Crear | Villager (Male) |
| 18:15 | Crear | Villager (Male) |
| 18:16 | Crear | Villager (Male) |
| 18:38 | Construir | Farm |
| 18:39 | Construir | Farm |
| 18:45 | Construir | Farm |
| 18:49 | Crear | Villager (Male) |
| 18:50 | Crear | Villager (Male) |
| 19:24 | Construir | Farm |
| 19:30 | Crear | Villager (Male) |
| 19:30 | Crear | Villager (Male) |
| 19:30 | Crear | Villager (Male) |
| 19:36 | Crear | Villager (Male) |
| 19:37 | Crear | Villager (Male) |
| 20:10 | Crear | Villager (Male) |
| 20:10 | Crear | Villager (Male) |
| 20:10 | Crear | Villager (Male) |
| 20:11 | Crear | Villager (Male) |
| 20:14 | Construir | Farm |
| 20:17 | Construir | Farm |
| 20:35 | Crear | Villager (Male) |
| 20:36 | Crear | Villager (Male) |
| 20:39 | Crear | Villager (Male) |
| 20:39 | Crear | Villager (Male) |
| 20:39 | Crear | Villager (Male) |
| 20:40 | Crear | Villager (Male) |
| 20:47 | Construir | Castle |
| 20:53 | Construir | House |
| 21:02 | Crear | Villager (Male) |
| 21:02 | Crear | Villager (Male) |
| 21:21 | Crear | Villager (Male) |
| 21:22 | Crear | Villager (Male) |
| 21:34 | Construir | Siege Workshop |
| 21:37 | Crear | Villager (Male) |
| 21:37 | Crear | Villager (Male) |
| 21:42 | Construir | Farm |
| 22:01 | Construir | Lumber Camp |
| 22:06 | Construir | Lumber Camp |
| 22:08 | Crear | Villager (Male) |
| 22:08 | Crear | Villager (Male) |
| 22:09 | Crear | Villager (Male) |
| 22:09 | Crear | Villager (Male) |
| 22:09 | Crear | Villager (Male) |
| 22:28 | Crear | Battering Ram |
| 22:32 | Crear | Villager (Male) |
| 22:32 | Crear | Villager (Male) |
| 22:33 | Crear | Villager (Male) |
| 22:33 | Crear | Villager (Male) |
| 22:35 | Crear | War Wagon |
| 22:35 | Crear | War Wagon |
| 22:40 | Crear | Villager (Male) |
| 23:06 | Crear | Villager (Male) |
| 23:06 | Crear | Villager (Male) |
| 23:17 | Crear | Battering Ram |
| 23:19 | Crear | Villager (Male) |
| 23:19 | Crear | Villager (Male) |
| 23:28 | Construir | Farm |
| 23:38 | Crear | Villager (Male) |
| 23:39 | Crear | Villager (Male) |
| 23:53 | Crear | War Wagon |
| 23:53 | Crear | War Wagon |
| 23:54 | Crear | Villager (Male) |
| 23:55 | Crear | Villager (Male) |
| 24:11 | Crear | Iron Pagoda |
| 24:11 | Crear | Iron Pagoda |
| 24:11 | Crear | Iron Pagoda |
| 24:13 | Crear | Villager (Male) |
| 24:13 | Crear | Villager (Male) |
| 24:13 | Crear | Villager (Male) |
| 24:14 | Crear | Villager (Male) |
| 24:29 | Crear | Villager (Male) |
| 24:29 | Crear | Villager (Male) |
| 24:32 | Construir | Farm |
| 24:34 | Construir | Farm |
| 24:48 | Crear | Villager (Male) |
| 24:48 | Crear | Villager (Male) |
| 25:18 | Crear | Villager (Male) |
| 25:19 | Crear | Villager (Male) |
| 25:19 | Crear | Villager (Male) |
Build order — Peter_Pahn
Primeras 150 de 903 acciones detectadas
| 0:04 | Construir | Town Center |
| 1:07 | Construir | Dock |
| 1:23 | Construir | House |
| 2:24 | Crear | Villager (Male) |
| 2:24 | Crear | Villager (Male) |
| 2:24 | Crear | Villager (Male) |
| 2:26 | Crear | Villager (Male) |
| 2:26 | Crear | Villager (Male) |
| 3:40 | Crear | Fishing Ship |
| 3:40 | Crear | Fishing Ship |
| 3:57 | Construir | House |
| 4:13 | Crear | Villager (Male) |
| 4:13 | Crear | Villager (Male) |
| 4:34 | Investigar | Loom |
| 4:36 | Crear | Villager (Male) |
| 4:36 | Crear | Villager (Male) |
| 5:01 | Crear | Villager (Male) |
| 5:01 | Crear | Villager (Male) |
| 5:24 | Crear | Villager (Male) |
| 5:25 | Crear | Villager (Male) |
| 5:37 | Crear | Fishing Ship |
| 5:37 | Crear | Fishing Ship |
| 5:50 | Crear | Villager (Male) |
| 5:50 | Crear | Villager (Male) |
| 6:07 | Construir | House |
| 6:13 | Crear | Villager (Male) |
| 6:13 | Crear | Villager (Male) |
| 6:43 | Crear | Villager (Male) |
| 6:43 | Crear | Villager (Male) |
| 7:00 | Crear | Fishing Ship |
| 7:00 | Crear | Fishing Ship |
| 7:03 | Crear | Villager (Male) |
| 7:03 | Crear | Villager (Male) |
| 7:18 | Crear | Villager (Male) |
| 7:18 | Crear | Villager (Male) |
| 7:28 | Construir | House |
| 7:48 | Crear | Villager (Male) |
| 7:51 | Crear | Villager (Male) |
| 7:51 | Crear | Villager (Male) |
| 7:56 | Crear | Fishing Ship |
| 7:56 | Crear | Fishing Ship |
| 7:59 | Construir | Palisade Wall |
| 8:04 | Crear | Villager (Male) |
| 8:05 | Crear | Villager (Male) |
| 8:22 | Crear | Villager (Male) |
| 8:34 | Crear | Fishing Ship |
| 8:39 | Construir | House |
| 8:41 | Crear | Villager (Male) |
| 9:05 | Crear | Fishing Ship |
| 9:28 | Crear | Fishing Ship |
| 9:34 | Construir | House |
| 9:39 | Crear | Villager (Male) |
| 9:51 | Crear | Fishing Ship |
| 10:11 | Construir | Lumber Camp |
| 10:22 | Crear | Villager (Male) |
| 10:40 | Construir | Dock |
| 10:43 | Crear | Villager (Male) |
| 10:54 | Crear | Fishing Ship |
| 10:54 | Crear | Fishing Ship |
| 10:59 | Crear | Villager (Male) |
| 11:07 | Construir | House |
| 11:19 | Crear | Fishing Ship |
| 11:32 | Construir | House |
| 11:34 | Construir | House |
| 11:35 | Crear | Villager (Male) |
| 11:53 | Construir | Mining Camp |
| 12:12 | Crear | Villager (Male) |
| 12:19 | Construir | Mining Camp |
| 12:24 | Investigar | Feudal Age |
| 12:37 | Construir | Mill |
| 12:46 | Crear | Fishing Ship |
| 12:46 | Crear | Fishing Ship |
| 12:56 | Crear | Fishing Ship |
| 12:56 | Crear | Fishing Ship |
| 13:14 | Crear | Villager (Male) |
| 13:17 | Crear | Fishing Ship |
| 13:39 | Construir | Dock |
| 14:47 | Edad | Edad Feudal |
| 14:51 | Construir | Market |
| 14:53 | Construir | Blacksmith |
| 15:04 | Investigar | Town Watch |
| 15:18 | Construir | House |
| 15:22 | Construir | Palisade Wall |
| 15:44 | Investigar | Castle Age |
| 15:52 | Construir | Palisade Wall |
| 15:56 | Construir | Palisade Wall |
| 16:00 | Construir | Palisade Wall |
| 16:27 | Investigar | Double-Bit Axe |
| 16:27 | Investigar | Double-Bit Axe |
| 16:29 | Investigar | Tech 906 |
| 16:29 | Investigar | Tech 906 |
| 16:32 | Crear | Galley |
| 16:32 | Crear | Galley |
| 16:41 | Crear | Villager (Male) |
| 17:07 | Construir | Palisade Wall |
| 17:09 | Construir | Palisade Wall |
| 17:29 | Construir | Palisade Wall |
| 17:31 | Construir | Palisade Wall |
| 17:32 | Construir | Palisade Wall |
| 17:35 | Construir | Palisade Wall |
| 17:41 | Crear | Villager (Male) |
| 18:24 | Edad | Edad de los Castillos |
| 18:26 | Crear | Villager (Male) |
| 18:29 | Construir | Monastery |
| 18:42 | Construir | Castle |
| 18:47 | Construir | House |
| 18:48 | Crear | Villager (Male) |
| 19:01 | Crear | Villager (Male) |
| 19:19 | Crear | Monk |
| 19:23 | Crear | Villager (Male) |
| 19:32 | Crear | Villager (Male) |
| 19:42 | Construir | Town Center |
| 20:10 | Crear | Villager (Male) |
| 20:19 | Crear | Villager (Male) |
| 20:26 | Crear | Villager (Male) |
| 20:35 | Crear | Villager (Male) |
| 20:47 | Crear | Villager (Male) |
| 20:54 | Crear | Monk |
| 20:57 | Crear | Villager (Male) |
| 21:02 | Crear | Villager (Male) |
| 21:04 | Construir | Monastery |
| 21:06 | Crear | Villager (Male) |
| 21:07 | Crear | Villager (Male) |
| 21:21 | Crear | Villager (Male) |
| 21:33 | Crear | Monk |
| 21:37 | Construir | Barracks |
| 21:43 | Crear | Monk |
| 21:49 | Construir | Palisade Wall |
| 21:50 | Crear | Villager (Male) |
| 21:50 | Crear | Villager (Male) |
| 22:06 | Crear | Villager (Male) |
| 22:09 | Investigar | Bow Saw |
| 22:10 | Investigar | Horse Collar |
| 22:11 | Crear | Villager (Male) |
| 22:17 | Crear | Villager (Male) |
| 22:18 | Crear | Monk |
| 22:33 | Construir | Palisade Wall |
| 22:33 | Crear | Villager (Male) |
| 22:48 | Investigar | Pikeman (upgrade) |
| 22:49 | Crear | Spearman |
| 22:49 | Crear | Spearman |
| 22:50 | Crear | Villager (Male) |
| 23:06 | Crear | Villager (Male) |
| 23:09 | Crear | Villager (Male) |
| 23:15 | Crear | Spearman |
| 23:18 | Crear | Villager (Male) |
| 23:18 | Crear | Villager (Male) |
| 23:36 | Construir | Barracks |
| 23:38 | Crear | Villager (Male) |
| 23:40 | Crear | Monk |
Cronología de la partida
| 0:15 | Dakar1 · first_building Dock |
| 1:07 | Peter_Pahn · first_building Dock |
| 1:10 | queKa · first_building Dock |
| 1:29 | Storm · first_building Dock |
| 1:43 | _13_Enzus_Arg · first_building Dock |
| 1:47 | _13_Enzus_Arg · wall_segment Palisade Wall x1 |
| 1:48 | _13_Enzus_Arg · wall_segment Palisade Wall x1 |
| 2:06 | __91_Minatus_Arg · first_building Dock |
| 5:56 | queKa · wall_segment Palisade Wall x1 |
| 5:59 | queKa · wall_segment Palisade Wall x4 |
| 6:18 | queKa · wall_segment Palisade Wall x1 |
| 6:19 | queKa · wall_segment Palisade Wall x1 |
| 7:59 | Peter_Pahn · wall_segment Palisade Wall x1 |
| 8:52 | queKa · wall_segment Palisade Wall x1 |
| 8:53 | queKa · wall_segment Palisade Wall x1 |
| 11:47 | queKa · first_building Barracks |
| 11:58 | _13_Enzus_Arg · age_up feudal |
| 12:08 | __91_Minatus_Arg · age_up feudal |
| 12:49 | Dakar1 · age_up feudal |
| 13:39 | queKa · age_up feudal |
| 13:42 | queKa · first_building Stable |
| 13:54 | Storm · age_up feudal |
| 14:47 | Peter_Pahn · age_up feudal |
| 15:22 | Peter_Pahn · wall_segment Palisade Wall x1 |
| 15:26 | Storm · first_market_sell 100 food |
| 15:35 | queKa · wall_segment Palisade Wall x1 |
| 15:52 | Peter_Pahn · wall_segment Palisade Wall x1 |
| 15:56 | Peter_Pahn · wall_segment Palisade Wall x1 |
| 16:00 | Peter_Pahn · wall_segment Palisade Wall x1 |
| 16:35 | Dakar1 · age_up castle |
| 16:50 | Dakar1 · first_market_sell 100 stone |
| 17:07 | Peter_Pahn · wall_segment Palisade Wall x1 |
| 17:09 | Peter_Pahn · wall_segment Palisade Wall x1 |
| 17:25 | queKa · age_up castle |
| 17:29 | Peter_Pahn · wall_segment Palisade Wall x1 |
| 17:31 | Peter_Pahn · wall_segment Palisade Wall x1 |
| 17:32 | Peter_Pahn · wall_segment Palisade Wall x1 |
| 17:33 | Storm · age_up castle |
| 17:35 | Peter_Pahn · wall_segment Palisade Wall x1 |
| 18:24 | Peter_Pahn · age_up castle |
| 18:29 | Peter_Pahn · first_building Monastery |
| 18:32 | Peter_Pahn · first_market_buy 100 stone |
| 18:36 | _13_Enzus_Arg · wall_segment Palisade Wall x1 |
| 18:40 | __91_Minatus_Arg · wall_segment Palisade Wall x6 |
| 18:42 | Peter_Pahn · first_building Castle |
| 18:48 | Dakar1 · first_market_buy 100 food |
| 19:15 | queKa · wall_segment Palisade Wall x1 |
| 19:18 | Peter_Pahn · first_market_sell 100 food |
| 19:18 | queKa · wall_segment Palisade Wall x2 |
| 19:36 | __91_Minatus_Arg · first_market_buy 100 food |
| 19:37 | __91_Minatus_Arg · first_market_sell 100 wood |
| 20:38 | _13_Enzus_Arg · first_market_buy 100 stone |
| 20:47 | Dakar1 · first_building Castle |
| 21:09 | _13_Enzus_Arg · age_up castle |
| 21:25 | _13_Enzus_Arg · first_building Castle |
| 21:25 | Storm · first_market_buy 100 wood |
| 21:34 | Dakar1 · first_building Siege Workshop |
| 21:37 | Peter_Pahn · first_building Barracks |
| 21:44 | queKa · first_building Siege Workshop |
| 21:49 | Peter_Pahn · wall_segment Palisade Wall x1 |
| 22:33 | Peter_Pahn · wall_segment Palisade Wall x1 |
| 22:56 | __91_Minatus_Arg · age_up castle |
| 25:33 | Dakar1 · first_building Monastery |
| 25:49 | Storm · first_building Monastery |
| 26:30 | Peter_Pahn · first_building Siege Workshop |
| 28:01 | __91_Minatus_Arg · first_building Siege Workshop |
| 28:13 | queKa · first_market_buy 100 stone |
| 28:16 | queKa · first_market_sell 100 wood |
| 28:26 | queKa · first_building Castle |
| 28:27 | Storm · first_building Barracks |
| 31:41 | Storm · first_building Castle |
| 31:56 | __91_Minatus_Arg · first_building Castle |
| 31:58 | Dakar1 · wall_segment Stone Wall x1 |
| 32:00 | Dakar1 · wall_segment Stone Wall x1 |
| 32:03 | Dakar1 · wall_segment Stone Wall x1 |
| 32:06 | Dakar1 · wall_segment Stone Wall x1 |
| 32:14 | Dakar1 · wall_segment Stone Wall x1 |
| 32:16 | Dakar1 · wall_segment Stone Wall x1 |
| 32:18 | Dakar1 · wall_segment Stone Wall x1 |
| 32:39 | Dakar1 · wall_segment Stone Wall x15 |
| 32:42 | Dakar1 · wall_segment Stone Wall x5 |
| 33:03 | _13_Enzus_Arg · first_building Monastery |
| 33:15 | Dakar1 · wall_segment Stone Wall x10 |
| 33:20 | Dakar1 · wall_segment Stone Wall x11 |
| 34:13 | __91_Minatus_Arg · first_building Barracks |
| 34:37 | _13_Enzus_Arg · first_building Barracks |
| 35:01 | __91_Minatus_Arg · first_building Stable |
| 35:19 | _13_Enzus_Arg · first_building Stable |
| 36:43 | _13_Enzus_Arg · age_up imperial |
| 36:49 | Dakar1 · age_up imperial |
| 37:13 | Dakar1 · first_building Barracks |
| 37:34 | queKa · first_building Archery Range |
| 37:56 | __91_Minatus_Arg · age_up imperial |
| 38:19 | Dakar1 · first_building Archery Range |
| 39:13 | _13_Enzus_Arg · first_building Archery Range |
| 39:32 | Storm · age_up imperial |
| 39:35 | queKa · age_up imperial |
| 40:06 | __91_Minatus_Arg · wall_segment Palisade Wall x1 |
| 41:05 | Storm · first_building Archery Range |
| 43:50 | Storm · wall_segment Stone Wall x15 |
| 43:51 | Storm · wall_segment Stone Wall x10 |
| 44:41 | Storm · tribute_sent a jugador 1 |
| 44:41 | Storm · tribute_sent a jugador 3 |
| 44:41 | Storm · tribute_sent a jugador 4 |
| 44:41 | Storm · tribute_sent a jugador 5 |
| 44:41 | Storm · tribute_sent a jugador 6 |
| 45:00 | _13_Enzus_Arg · first_market_sell 100 food |
| 46:15 | Storm · tribute_sent a jugador 1 |
| 46:15 | Storm · tribute_sent a jugador 3 |
| 46:15 | Storm · tribute_sent a jugador 4 |
| 46:15 | Storm · tribute_sent a jugador 5 |
| 46:15 | Storm · tribute_sent a jugador 6 |
| 47:12 | Storm · tribute_sent a jugador 1 |
| 47:12 | Storm · tribute_sent a jugador 3 |
| 47:12 | Storm · tribute_sent a jugador 4 |
| 47:12 | Storm · tribute_sent a jugador 5 |
| 47:12 | Storm · tribute_sent a jugador 6 |
| 48:38 | Dakar1 · wall_segment Stone Wall x1 |
| 48:41 | Dakar1 · wall_segment Stone Wall x1 |
| 48:42 | Dakar1 · wall_segment Stone Wall x1 |
| 51:04 | Storm · wall_segment Stone Wall x21 |
| 51:52 | Peter_Pahn · age_up imperial |
| 51:53 | _13_Enzus_Arg · first_building Siege Workshop |
| 52:06 | Storm · tribute_sent a jugador 1 |
| 52:06 | Storm · tribute_sent a jugador 3 |
| 52:06 | Storm · tribute_sent a jugador 4 |
| 52:06 | Storm · tribute_sent a jugador 5 |
| 52:06 | Storm · tribute_sent a jugador 6 |
| 52:50 | Storm · tribute_sent a jugador 1 |
| 52:50 | Storm · tribute_sent a jugador 3 |
| 52:50 | Storm · tribute_sent a jugador 4 |
| 52:50 | Storm · tribute_sent a jugador 5 |
| 52:50 | Storm · tribute_sent a jugador 6 |
| 54:27 | Storm · wall_segment Stone Wall x4 |
| 54:30 | Storm · wall_segment Stone Wall x11 |
| 54:32 | Dakar1 · wall_segment Stone Wall x1 |
| 54:32 | Storm · wall_segment Stone Wall x5 |
| 62:44 | Peter_Pahn · tribute_sent a jugador 1 |
| 62:44 | Peter_Pahn · tribute_sent a jugador 2 |
| 62:44 | Peter_Pahn · tribute_sent a jugador 3 |
| 62:44 | Peter_Pahn · tribute_sent a jugador 4 |
| 62:44 | Peter_Pahn · tribute_sent a jugador 5 |
| 66:01 | Peter_Pahn · resign |
[ ANÁLISIS IA · 1 CRÉDITO ]
¿Qué pasó realmente en esta partida?
Wolo.gg analiza cada decisión: build order, eco, micro, errores típicos por bracket. Análisis personalizado por WhatsApp o Discord en 30 segundos.
Guía civ
Francos
Perfil
Jugador #213148